AoeStats
← [JG]Moonjumper

Lombardia

507769989Analyzed
2v2 RM · 12d ago on Sep 19, 2026· 49m 17s· 4 players
Game mode
Random Map
Map size
Medium (4 player)
Population
200
Speed
Normal
Resources
Standard
Victory
Conquest
Starting age
Dark Age
Ending age
Imperial Age
RankedLock teamsTeams togetherTeam positionsShared explorationLock speedFull tech treeHidden civsTurbo modeCheats
Victory
Defeat
🇲🇽 Armenians · Mexico
962
+15
🇲🇽 Persians · Mexico
944
+16
🇵🇱 Mapuche · Poland
950
-16
🇺🇸 Romans · United States
935
-15
[JG]Moonjumper
0:26 Loom
11:42 Feudal Age
12:54 Horse Collar
12:59 Double-Bit Axe
14:15 Wheelbarrow
20:35 Castle Age
20:57 Elite Skirmisher
22:00 Bow Saw
21:50 Heavy Plow
23:46 Padded Archer Armor
24:11 Hand Cart
27:27 Elite Skirmisher
28:30 Pikeman
38:45 Fletching
41:45 Bodkin Arrow
adam_lomzyca
0:28 Loom
11:15 Feudal Age
12:50 Wheelbarrow
13:35 Double-Bit Axe
13:41 Horse Collar
18:05 Gold Mining
18:35 Forging
36:39 Castle Age
41:25 Stone Mining
Saryx
2:34 Loom
10:40 Feudal Age
12:58 Town Watch
13:28 Double-Bit Axe
18:40 Castle Age
17:07 Horse Collar
21:38 Wheelbarrow
22:57 Parthian Tactics
23:31 Heavy Plow
23:39 Fletching
24:10 Forging
25:06 Hand Cart
26:53 Town Patrol
27:39 Bloodlines
33:07 Thumb Ring
32:29 Elite Skirmisher
33:30 Bodkin Arrow
33:35 Padded Archer Armor
33:46 Scale Barding Armor
35:06 Gold Mining
35:07 Stone Mining
35:37 Husbandry
36:58 Iron Casting
38:10 Bow Saw
38:19 Leather Archer Armor
38:25 Chain Barding Armor
41:37 Kamandaran
48:41 Imperial Age
MatronlySoup08
8:32 Loom
11:12 Feudal Age
11:15 Man-at-Arms
12:15 Double-Bit Axe
12:04 Long Swordsman
13:33 Arson
14:14 Gold Mining
18:22 Scale Mail Armor
26:34 Forging
33:45 Castle Age
33:49 Two-Handed Swordsman
34:31 Squires
34:39 Horse Collar
36:09 Bow Saw
36:39 Gold Shaft Mining
36:33 Champion
40:49 Chain Mail Armor
46:59 Imperial Age
46:10 Wheelbarrow
45:21 Town Watch
47:16 Hand Cart
47:09 Town Patrol
48:15 Fereters
48:58 Plate Mail Armor
49:04 Iron Casting
Connection lost

Rejoining the realm…

Still unreachable

The connection could not be restored.

Session expired

The server has moved on; the page needs a fresh start.